[Event "*** Titled Tuesday Blitz"]
[Site "Chess.com"]
[Date "2019.04.02"]
[Round "6"]
[White "pheonixking2000"]
[Black "GadimbayliA"]
[Result "0-1"]
[WhiteElo "2776"]
[BlackElo "2813"]
[TimeControl "180+2"]
[EndTime "15:21:40 PDT"]
[Termination "GadimbayliA won by resignation"]

1. d4 Nf6 2. Nf3 e6 3. Bf4 d5 4. e3 c5 5. Nbd2 Nc6 6. c3 Bd6 7. Bg3 O-O 8. Bb5 Ne7 9. Bd3 c4 10. Bc2 b5 11. e4 dxe4 12. Nxe4 Nxe4 13. Bxe4 Rb8 14. Bxh7+ Kxh7 15. Ng5+ Kg6 16. Ne4 Nf5 17. Qg4+ Kh7 18. Bxd6 Nxd6 19. Qg3 Rb6 20. Ng5+ Kg8 21.
Qh4 Re8 22. Qh7+ Kf8 23. Qh8+ Ke7 24. Qxg7 Rg8 25. Qh6 Rg6 26. Qh4 Kd7 27. f4 Ne4 28.
Qh7 Nxg5 29. fxg5 Qg8 30. Qxg8 Rxg8 31. h4 Bb7 32. O-O f5 33. Kh2 Bd5 34. g4 Be4 35. Kg3 Rbb8 36. a3 Rbf8 37. Rf4 Kd6 38. Re1 Rb8 39. Re2 a5 40. Re1 b4 41. axb4 axb4 42.
gxf5 exf5 43. Re3 bxc3 44. bxc3 Rb1 45. Kf2 Rh1 46. Rg3 Rb8 47. Ke3 Rb2 48. Rxe4 Re1+ 49.
Kf4 Rxe4+ 50. Kxf5 Rxh4 51. g6 Rb5+ 52. Kf6 Rf4+ 53.
Kg7 Rb7+ 54. Kh6 Rh4+ 55. Kg5 Rh8 56. Rf3 Rg8 57. Rf6+ Kd5 58. Kf5 Rb3 59. Rf7 Rxc3 60. Rd7+ Kc6 61. Ra7 Rf3+ 62. Kg4 Rf1 63. Ra6+ Kd5 64.
Kg5 Rg1+ 65. Kh6 R1xg6+ 66. Rxg6 Rxg6+ 67. Kxg6 c3 0-1

[Event "*** Titled Tuesday Blitz"]
[Site "Chess.com"]
[Date "2019.04.02"]
[Round "6"]
[White "GrigorGrigorov"]
[Black "Fy_Rakotomaharo"]
[Result "0-1"]
[WhiteElo "2715"]
[BlackElo "2630"]
[TimeControl "180+2"]
[EndTime "15:21:42 PDT"]
[Termination "Fy_Rakotomaharo won on time"]

1. Nf3 d5 2. g3 g6 3. Bg2 Bg7 4. d4 Nf6 5. O-O O-O 6. c4 c6 7.
Qb3 Qb6 8. Nc3 Rd8 9. Bd2 Be6 10. Na4 Qxb3 11. axb3 Nbd7 12. Rfc1 Ne4 13. Ba5 Rdc8 14.
e3 f5 15. Be1 Bf7 16. Nc3 Nxc3 17. Rxc3 e5 18. Nxe5 Nxe5 19. dxe5 Bxe5 20. Rc2 Rd8 21. cxd5 Bxd5 22. Bxd5+ Rxd5 23. Bc3 Bxc3 24. bxc3 a6 25. c4 Rd3 26. Rb1 Rad8 27. Kf1 Rd1+ 28. Rxd1 Rxd1+ 29. Ke2 Rb1 30. Rc3 Rb2+ 31. Kf3 Kf7 32. Rd3 Ke6 33.
h3 g5 34. g4 h6 35. Kg3 a5 36. f4 Rc2 37. Kf3 gxf4 38. exf4 b6 39. Re3+ Kf6 40. Kg3 b5 41. cxb5 cxb5 42. gxf5 b4 43. Re6+ Kxf5 44. Re5+ Kf6 45. Rxa5 Rc3+ 46. Kg4 Rxb3 47. Ra6+ Kg7 48. h4 Rc3 49. Rb6 b3 50. Kf5 Rc5+ 51. Ke4 Rc4+ 52. Ke5 Rc5+ 53. Ke6 Rh5 54. f5 Rxh4 55. Rb7+ Kg8 56.
Rxb3 Rf4 57. Kf6 Ra4 58. Rb8+ Kh7 59. Rb7+ Kg8 0-1

[Event "*** Titled Tuesday Blitz"]
[Site "Chess.com"]
[Date "2019.04.02"]
[Round "6"]
[White "StoreySniper"]
[Black "almaguerjm"]
[Result "0-1"]
[WhiteElo "2458"]
[BlackElo "2309"]
[TimeControl "180+2"]
[EndTime "15:21:44 PDT"]
[Termination "almaguerjm won on time"]

1. a3 d5 2. b4 Nf6 3. Bb2 Bf5 4. d3 e6 5. Nd2 Bg6 6. Ngf3 Nbd7 7. Nh4 Bd6 8. g3 a5 9. c3 c5 10. bxc5 Nxc5 11. Nxg6 hxg6 12. Bg2 Qd7 13. O-O Na4 14. Qb3 O-O 15. Rfb1 Rfc8 16. c4 Nc5 17. Qa2 a4 18. Bxf6 gxf6 19. d4 Nb3 20. Nxb3 axb3 21. Qxb3 Rxc4 22.
e3 Rca4 23. Qxb7 Qxb7 24. Rxb7 Rxa3 25. Rxa3 Rxa3 26. Bf1 Ra1 27. Kg2 g5 28. h3 Kg7 29.
g4 Ra2 30. Rb6 Ba3 31. Ra6 Ra1 32. Bb5 Bb2 33. Rb6 Bc3 34. Be8 Ra7 35. Rb8 Rc7 36.
Bb5 e5 37. dxe5 fxe5 38. Bd3 d4 39. e4 Bd2 40. Rb5 Rc3 41. Bb1 Bf4 42. Rb7 d3 43.
Ba2 d2 44. Rxf7+ Kg6 45. Rd7 Rc1 46. Bb3 Kf6 47. Kf3 Rb1 48. Bc2 Rc1 49. Ba4 Ke6 50.
Rd8 Rh1 51. Ke2 Rxh3 52. Bd1 Ra3 53. Re8+ Kf7 54. Rb8 Ra1 55. Rb7+ Ke8 56. Rb3 Kd8 57. Rb7 Kc8 58. Rg7 Ra3 59. Rf7 Rh3 60. Rg7 Rh1 61.
Rg8+ Kc7 62. Rg7+ Kc6 63. Ba4+ Kc5 64. Rd7 Re1+ 65. Kf3 Kb4 66. Bc2 Rc1 0-1

[Event "*** Titled Tuesday Blitz"]
[Site "Chess.com"]
[Date "2019.04.02"]
[Round "6"]
[White "Off-War"]
[Black "Blitzstream"]
[Result "1-0"]
[WhiteElo "2637"]
[BlackElo "2682"]
[TimeControl "180+2"]
[EndTime "15:21:47 PDT"]
[Termination "Off-War won by checkmate"]

1. e4 d5 2. exd5 Qxd5 3. Nc3 Qa5 4. d4 Nf6 5. Nf3 c6 6. Ne5 Be6 7. Bc4 Bxc4 8. Nxc4 Qa6 9. Qe2 e6 10. Bf4 Nd5 11. Bd6 Nxc3 12. bxc3 Nd7 13. Bxf8 Kxf8 14. Qd3 Nb6 15. Nd6 Qxd3 16. cxd3 Rb8 17. Kd2 Ke7 18. Ne4 Rhd8 19. f4 Nd7 20. Rhe1 Nf6 21. f5 exf5 22. Ng3+ Kf8 23. Nxf5 g6 24. Ne3 Nd5 25. Nc4 f6 26.
Re6 Re8 27. Rxe8+ Rxe8 28. Nd6 Re7 29. a4 Nf4 30. Rf1 Nxg2 31. Rxf6+ Kg7 32. Rf2 Ne3 33.
c4 Ng4 34. Rg2 Ne3 35. Re2 Nf1+ 36. Ke1 Rxe2+ 37. Kxe2 Nxh2 38. Nxb7 g5 39. Nd8 g4 40.
Kf2 h5 41. Kg3 Nf1+ 42. Kh4 g3 43. Kh3 h4 44. Nxc6 Ne3 45. Ne5 Nf5 46. Nf3 Kf6 47.
d5 Ke7 48. c5 Kd7 49. Ne5+ Kc7 50. d6+ Kd8 51. Nf3 Kd7 52. d4 Kc6 53. d5+ Kd7 54. Ne5+ Kd8 55. Nf7+ Ke8 56. Ne5 Ne3 57. d7+ Kd8 58. d6 g2 59. c6 g1=Q 60. c7# 1-0

[Event "*** Titled Tuesday Blitz"]
[Site "Chess.com"]
[Date "2019.04.02"]
[Round "6"]
[White "Sajkochess"]
[Black "mlchen"]
[Result "1-0"]
[WhiteElo "2327"]
[BlackElo "2410"]
[TimeControl "180+2"]
[EndTime "15:21:48 PDT"]
[Termination "Sajkochess won by resignation"]

1. e4 e5 2. Nf3 Nc6 3. Bb5 a6 4. Ba4 Nf6 5. O-O Be7 6. Re1 b5 7. Bb3 d6 8. c3 O-O 9. h3 Na5 10. Bc2 c5 11. d4 Qc7 12. d5 Nc4 13. b3 Nb6 14. a4 Bd7 15. a5 Nc8 16. Nbd2 Bd8 17. Nf1 h6 18. g4 Ne7 19. Ng3 Ng6 20. Nf5 Bxf5 21. exf5 Ne7 22. Nxe5 Nexd5 23. c4 Nb4 24.
Nf3 Nxc2 25. Qxc2 Qc6 26. Qd3 Bc7 27. Bb2 Nh7 28. f6 g5 29. Nd2 bxc4 30. bxc4 Rab8 31. Bc3 Rfd8 32. Re7 Nf8 33. Qe4 Qxe4 34. Nxe4 Rd7 35. Rxd7 Nxd7 36. Rd1 Ne5 37. Bxe5 dxe5 38. Nxc5 Bxa5 39.
Nxa6 Rc8 40. c5 Kh7 41. Rc1 Rc6 42. Nb8 Rxf6 43. c6 Bc7 44. Na6 Bb6 45. c7 Bxc7 46.
Nxc7 Rf3 47. Kg2 Rb3 48. Nd5 Kg7 49. Ne3 Rb6 50. Rc7 Kg6 51. Nf5 Ra6 52. Re7 Ra5 53. Rd7 Ra6 54. Rd6+ Rxd6 55. Nxd6 h5 56. Kf3 hxg4+ 57. hxg4 Kf6 58. Ke4 Ke6 59. Nf5 Kf6 60.
Ne3 Ke6 61. Nc4 f6 62. Ne3 Ke7 63. Kf5 1-0

[Event "*** Titled Tuesday Blitz"]
[Site "Chess.com"]
[Date "2019.04.02"]
[Round "6"]
[White "RayRobson"]
[Black "rasmussvane"]
[Result "1-0"]
[WhiteElo "2871"]
[BlackElo "2772"]
[TimeControl "180+2"]
[EndTime "15:21:52 PDT"]
[Termination "RayRobson won by resignation"]

1. e4 c6 2. d4 d5 3. e5 Bf5 4. Nf3 e6 5. Be2 Ne7 6. c3 Ng6 7. a4 Nd7 8. O-O f6 9. exf6 Qxf6 10. Bd3 Bd6 11. Bg5 Qf7 12. Bxf5 Qxf5 13. Nbd2 O-O 14. Qb1 Qg4 15. h3 Qh5 16. Be3 Rf6 17. Qd1 Nf4 18. Bxf4 Bxf4 19. Ne1 Qg6 20. Ndf3 e5 21. dxe5 Nxe5 22.
Nxe5 Bxe5 23. Qd3 Re8 24. Qxg6 Rxg6 25. Nf3 Bd6 26. Rfe1 Rge6 27. Kf1 h6 28. Rxe6 Rxe6 29. Nd4 Re8 30. Rd1 Bc7 31. b3 Kf7 32. Rd3 Be5 33.
Ne2 Bf6 34. f4 Ke6 35. Kf2 Kd6 36. Kf3 Kc5 37. g4 b5 38. axb5 cxb5 39. f5 a5 40.
Nf4 a4 41. Rxd5+ Kc6 42. bxa4 bxa4 43. Ra5 Bxc3 44. Rxa4 Bf6 45. Nh5 Bb2 46. Rb4 Ba1 47. Ra4 Bb2 48. Ra7 Rg8 49. Nf4 Rd8 50. h4 Rd1 51.
Ne6 Rd7 52. Ra2 Rb7 53. g5 Kd5 54. Ra5+ Kd6 55. Kg4 hxg5 56. hxg5 Bc1 57. Kh5 Bb2 58. Kg6 Bc3 59. Ra3 Bb2 60. Ra2 Kd5 61. Ra5+ Ke4 62.
Nc5+ Kf4 63. Nxb7 Bc3 64. Rb5 1-0

[Event "*** Titled Tuesday Blitz"]
[Site "Chess.com"]
[Date "2019.04.02"]
[Round "6"]
[White "Gabrielian_Artur"]
[Black "oskariot"]
[Result "1-0"]
[WhiteElo "2746"]
[BlackElo "2614"]
[TimeControl "180+2"]
[EndTime "15:21:52 PDT"]
[Termination "Gabrielian_Artur won by resignation"]

1. e4 e6 2. d4 d5 3. Nd2 Nf6 4. e5 Nfd7 5. c3 c5 6. Bd3 Nc6 7. Ne2 Qb6 8. Nf3 f6 9. exf6 Nxf6 10. O-O cxd4 11. cxd4 Bd6 12. Ng3 O-O 13. a3 Bd7 14.
b4 a6 15. Rb1 Kh8 16. Bc2 Rac8 17. Re1 Qc7 18. Bd3 e5 19. dxe5 Nxe5 20. Nxe5 Bxe5 21. Bb2 d4 22. Rc1 Qd6 23. Rxc8 Bxc8 24. Qe2 Ng4 25. Rf1 Qh6 26. h3 Bxg3 27. fxg3 Rxf1+ 28. Kxf1 Ne3+ 29. Kg1 Qf6 30. Qxe3 dxe3 31. Bxf6 gxf6 32.
Kf1 b6 33. Ke2 a5 34. Kxe3 axb4 35. axb4 Kg7 36. Be4 f5 37. Bc6 Kf6 38. Kf4 h6 39.
Bf3 Be6 40. Be2 Bd5 41. Bf3 Bc4 42. h4 Bf1 43. g4 fxg4 44. Kxg4 Bd3 45. Kf4 Bc2 46.
Be4 Bd1 47. g3 Bb3 48. g4 Bc4 49. Bf3 Bd3 50. g5+ hxg5+ 51. hxg5+ Kg7 52. Ke5 b5 53. Kd4 Bf1 54. Be4 Kf7 55. Kc5 Ke6 56. Bc6 Kf5 57.
Bxb5 Bg2 58. Bd7+ Kxg5 59. b5 Bf1 60. b6 Ba6 61. Kd6 Kf4 62. Bb5 Bb7 63. Kc7 Bf3 64. Bc6 Be2 65. b7 1-0

[Event "*** Titled Tuesday Blitz"]
[Site "Chess.com"]
[Date "2019.04.02"]
[Round "6"]
[White "DanielMieles1985"]
[Black "ChainsOfFantasia"]
[Result "0-1"]
[WhiteElo "2645"]
[BlackElo "2473"]
[TimeControl "180+2"]
[EndTime "15:22:02 PDT"]
[Termination "ChainsOfFantasia won by resignation"]

1. d4 Nf6 2. c4 e6 3. Nc3 d5 4.
cxd5 exd5 5. Bg5 Be7 6. e3 c6 7.
Bd3 Nbd7 8. Nge2 Nh5 9. Bxe7 Qxe7 10. Qd2 g6 11. O-O O-O 12. f3 f5 13. Bc2 Ndf6 14.
Rae1 b5 15. a3 Bb7 16. Nc1 a5 17. Nd3 b4 18. axb4 axb4 19. Na4 Ba6 20. Nac5 Bxd3 21. Bxd3 Rab8 22. Ra1 Rfe8 23. Rfe1 Qd6 24. g3 Nd7 25.
Nxd7 Qxd7 26. Kg2 Nf6 27. Ra6 Re6 28. Rc1 Rbe8 29. Qxb4 Rxe3 30. Bf1 Qe6 31. Raxc6 Re2+ 32. Kh1 Qe3 33. Bxe2 Qxe2 34. Qb3 Re3 35. Qb8+ Kg7 36. Qf4 Re7 37. Rc7 Nd7 38. Rxd7 Rxd7 39. Qe5+ Qxe5 40.
dxe5 d4 41. f4 Kf7 42. Kg2 Rb7 43. Kf3 Rb3+ 44. Ke2 Rxb2+ 45. Kd3 Rxh2 46. Rc6 Rg2 47.
Kxd4 Rxg3 48. Rc7+ Ke6 49. Rc6+ Kd7 50. Ra6 Rf3 51.
e6+ Ke7 52. Ke5 Re3+ 53. Kd5 Kf6 54. Ra7 Rxe6 55. Rxh7 Re4 56. Rh4 Rb4 57. Kc5 Re4 58. Kd5 Ra4 59. Kc5 Kg7 60. Kd5 g5 61. Rh5 gxf4 62.
Ke5 Kg6 63. Rh1 Re4+ 64. Kd5 f3 65. Rf1 Re3 66. Kd4 f4 67. Ra1 Kg5 68. Rf1 Kg4 0-1

[Event "*** Titled Tuesday Blitz"]
[Site "Chess.com"]
[Date "2019.04.02"]
[Round "6"]
[White "hellokostya"]
[Black "fu24"]
[Result "1/2-1/2"]
[WhiteElo "2500"]
[BlackElo "2515"]
[TimeControl "180+2"]
[EndTime "15:22:07 PDT"]
[Termination "Game drawn - insufficient material"]

1. d4 e6 2. c4 f5 3. g3 Nf6 4. Bg2 Be7 5. Nc3 O-O 6. Nf3 d6 7. O-O Ne4 8. Rb1 Bf6 9. Qd3 Nxc3 10. bxc3 Qe7 11. Re1 e5 12. e4 Nc6 13. exf5 e4 14. Rxe4 Bxf5 15. Nd2 Rab8 16. Rxe7 Bxd3 17. Rxc7 Bxb1 18.
Nxb1 Na5 19. Bf4 Rfd8 20. Nd2 Rbc8 21. Rxc8 Rxc8 22. Bxd6 g6 23. c5 b6 24. Nb3 Nxb3 25.
axb3 Kg7 26. b4 bxc5 27. Bxc5 Rc7 28. Kf1 Be7 29. Ke2 Bxc5 30. dxc5 Kf6 31. Kd3 Ke5 32. Kc4 Rf7 33. f4+ Kf6 34. b5 Ke7 35. b6 axb6 36. cxb6 Kd6 37. Kb5 Rf5+ 38. Ka6 Rc5 39. b7 Kc7 40. Be4 Rxc3 41. Kb5 Re3 42. Bd5 Rd3 43. Kc4 Rd2 44. h4 Rb2 45. Kd4 Kd6 46. Be4 Ke6 47.
Kc5 Kd7 48. Kd4 Kd6 49. Bd5 Rb4+ 50. Kc3 Rb6 51. Bf3 Kc5 52. Kd3 Kd6 53. Ke4 Rb4+ 54. Ke3 Rb3+ 55. Ke4 Ke6 56. Kd4 Kd6 57. Kc4 Rb1 58.
Kd4 Rb4+ 59. Kc3 Rb1 60. Be4 Rb6 61. Kd4 Rb2 62. Kc3 Rb5 63. Kc4 Rc5+ 64. Kd4 Rb5 65. h5 gxh5 66. Bf3 Ke6 67. Kc4 Rb1 68. Kc5 Kf6 69. Kc6 h4 70. gxh4 Kf5 71. Kc7 Kxf4 72. Bc6 h5 73. b8=Q Rxb8 74. Kxb8 Kg4 75. Be8 Kxh4 76.
Bxh5 1/2-1/2

[Event "*** Titled Tuesday Blitz"]
[Site "Chess.com"]
[Date "2019.04.02"]
[Round "6"]
[White "Caisachess"]
[Black "olksuna"]
[Result "1-0"]
[WhiteElo "2421"]
[BlackElo "2492"]
[TimeControl "180+2"]
[EndTime "15:22:10 PDT"]
[Termination "Caisachess won by resignation"]

1. e4 c5 2. c3 Nf6 3. e5 Nd5 4.
d4 cxd4 5. Nf3 Nc6 6. cxd4 e6 7.
a3 Be7 8. Bd3 f5 9. exf6 Bxf6 10. O-O O-O 11. Nc3 Nxc3 12. bxc3 d5 13. Re1 Bd7 14. Bc2 Qe8 15. Qd3 Qh5 16. Bd2 Be8 17.
Qe3 Bf7 18. Rab1 b6 19. Ng5 Bxg5 20. Qxg5 Qxg5 21. Bxg5 Rfe8 22. Bd3 h6 23. Bf4 Na5 24. Re2 Rac8 25. Bd2 Nc4 26. Bxc4 Rxc4 27. Rb4 Rec8 28. Re1 Kf8 29. f3 Ke7 30. Kf2 Bg6 31. Rb3 Ra4 32. Ra1 Kd6 33. Rb4 Rc4 34. Rxc4 Rxc4 35. g4 Ra4 36. h4 Kc6 37. h5 Bf7 38. Bf4 Kb5 39.
Be5 g6 40. hxg6 Bxg6 41. Bd6 Kc4 42. Rh1 Kxc3 43. Rxh6 Bc2 44. Rxe6 Kxd4 45. f4 Rc4 46.
f5 Rc8 47. Kg3 Be4 48. Kf4 Rc1 49. Kg5 Rg1 50. f6 Bf3 51. f7 Bxg4 52. f8=Q Bxe6+ 53. Kh6 Rh1+ 54. Kg7 Rg1+ 55. Kh6 Rh1+ 56. Kg5 Rg1+ 57. Kh4 Rg4+ 58. Kh5 Re4 59. Qf2+ Kc4 60. Bb4 a5 61. Qc2+ Kb5 62. Qd3+ Rc4 63. Bd2 Kc6 64. Qg6 Kd7 65. Qg7+ Kd6 66. Qg3+ Kd7 67. Qg7+ Kd6 68.
Qb7 Rc6 69. Bf4+ Kc5 70. Be3+ Kd6 71. Bxb6 d4 72. Bxd4 Bd5 73. Qb8+ Ke6 74. Qe5+ 1-0

[Event "*** Titled Tuesday Blitz"]
[Site "Chess.com"]
[Date "2019.04.02"]
[Round "6"]
[White "BlackBoarder"]
[Black "DenisQ"]
[Result "0-1"]
[WhiteElo "2525"]
[BlackElo "2643"]
[TimeControl "180+2"]
[EndTime "15:22:11 PDT"]
[Termination "DenisQ won by resignation"]

1. e4 c6 2. Nf3 d5 3. Nc3 Bg4 4. h3 Bh5 5. exd5 cxd5 6. Bb5+ Nc6 7. g4 Bg6 8. Ne5 Rc8 9. d4 e6 10. h4 f6 11. Nxg6 hxg6 12. Qd3 Kf7 13. h5 gxh5 14. Bxc6 Rxc6 15. Rxh5 Rxh5 16. gxh5 Ne7 17. Be3 Nf5 18. O-O-O Bd6 19. Kb1 Qd7 20. Ne2 Rc8 21. Bf4 Rh8 22.
Qf3 Be7 23. Ng3 Nxg3 24. fxg3 Bd6 25. Qg4 Bxf4 26. gxf4 Rh6 27. a3 f5 28. Qf3 Kg8 29.
Rg1 Kh7 30. Rg5 b5 31. Qc3 Qf7 32. Qf3 a5 33. b3 Qc7 34. Kb2 b4 35. Qd3 Qxf4 36.
Rg1 Rxh5 37. axb4 axb4 38. Re1 Rh4 39. Qa6 Qxd4+ 40. Kb1 Re4 41. Rh1+ Kg6 42. Qc8 Qf6 43. Qe8+ Qf7 44. Qh8 Kf6 45. Qd8+ Qe7 46. Qh8 Rg4 47. Rh6+ Kf7 48. Rh1 Qg5 49. Kb2 Rg1 50. Rxg1 Qxg1 51. Qh4 Qc5 52. Qh5+ Kf6 53. Qh4+ Kg6 54. Qg3+ Kf7 55. Qf4 Qc3+ 56. Kb1 Kf6 57. Qh4+ Kf7 58. Qh5+ Ke7 59. Qg5+ Kd7 60. Qg6 Qf6 61. Qg3 f4 62.
Qd3 f3 63. Qb5+ Kc7 64. Qc5+ Kd8 65. Qd6+ Ke8 66. Qb8+ Kf7 67. Qc7+ Kg8 68. Qb8+ Qf8 69. Qd6 Qxd6 0-1

[Event "*** Titled Tuesday Blitz"]
[Site "Chess.com"]
[Date "2019.04.02"]
[Round "6"]
[White "DrVitman"]
[Black "PaulfromSPb"]
[Result "1/2-1/2"]
[WhiteElo "2637"]
[BlackElo "2650"]
[TimeControl "180+2"]
[EndTime "15:22:12 PDT"]
[Termination "Game drawn by repetition"]

1. d4 Nf6 2. c4 e6 3. Nf3 b6 4.
g3 Ba6 5. Qc2 c5 6. d5 exd5 7.
cxd5 Bb7 8. Bg2 Nxd5 9. Qb3 Nc7 10. Ne5 d5 11. Nc3 Bd6 12. Nxf7 Kxf7 13. Nxd5 Ne6 14. Qf3+ Kg8 15. Nf6+ gxf6 16. Qg4+ Kf7 17. Bxb7 Nd7 18. Qh5+ Ke7 19. Bxa8 Qxa8 20. O-O Qe8 21. Qd5 Qa8 22. Qh5 Nd4 23. Be3 Qe4 24. Bxd4 cxd4 25. Rad1 Qe5 26. Qf3 h5 27. e3 dxe3 28. fxe3 Bc5 29. Kg2 h4 30.
Qg4 h3+ 31. Kh1 Rd8 32. Qxh3 Qe4+ 33. Qg2 Qxg2+ 34. Kxg2 Rg8 35. e4 Ne5 36. Rf4 Ng4 37. Re1 Ne3+ 38. Kf3 Nc4 39. Re2 Ne5+ 40. Kg2 Rd8 41. Rh4 Rd1 42. Rh7+ Ke6 43. Rxa7 Rg1+ 44.
Kh3 Rb1 45. a3 Bd4 46. b4 Rb3 47. Ra8 Nd3 48. Kg4 Ne5+ 49. Kh5 Bb2 50. Ra6 Bd4 51. a4 Rc3 52. Kh4 Nf3+ 53. Kg4 Ne5+ 54. Kh3 Kf7 55.
a5 bxa5 56. bxa5 Ra3 57. Ra8 Kg6 58. a6 Nf7 59. Kg2 Ra1 60. h4 Ne5 61. Kh3 Nf3 62. Kg2 Ne5 63. Rd2 Be3 64. Re2 Bd4 65. Rd2 Be3 66.
Re2 Bc5 67. Rc2 Be3 68. Re2 1/2-1/2

[Event "*** Titled Tuesday Blitz"]
[Site "Chess.com"]
[Date "2019.04.02"]
[Round "6"]
[White "europa2012"]
[Black "Martins-BR"]
[Result "1/2-1/2"]
[WhiteElo "2114"]
[BlackElo "2239"]
[TimeControl "180+2"]
[EndTime "15:22:13 PDT"]
[Termination "Game drawn - timeout vs insufficient material"]

1. d4 f5 2. Nc3 d5 3. Bf4 a6 4. Nf3 Nf6 5. e3 e6 6. Bd3 Bd6 7. Ne5 O-O 8. O-O c5 9. dxc5 Bxc5 10. h3 Nc6 11. Nxc6 bxc6 12. Ne2 Bd6 13. Bxd6 Qxd6 14. c4 Rb8 15. b3 Ne4 16. Bxe4 fxe4 17. Ng3 Qe5 18. Qe2 a5 19. Rad1 Ba6 20. Qg4 Rf7 21.
Rfe1 dxc4 22. bxc4 Bxc4 23. Qxe4 Qxe4 24. Nxe4 Bxa2 25.
Ra1 Rb2 26. f3 Rd7 27. Red1 Rxd1+ 28. Rxd1 Rb1 29. Rxb1 Bxb1 30. Nc3 Bd3 31. Kf2 Kf7 32. e4 e5 33. g3 g5 34. Ke3 Bf1 35. h4 gxh4 36. gxh4 Kf6 37. f4 Bb5 38. f5 a4 39.
Kd2 a3 40. Kc2 Bc4 41. Na4 Kg7 42. Kc3 Bf7 43. Nc5 Kh6 44. Nd7 Kh5 45. Nxe5 Bg8 46.
f6 Kxh4 47. f7 Bxf7 48. Nxf7 c5 49. e5 Kh5 50. e6 Kg6 51. Ng5 Kf6 52. Kb3 h6 53.
Ne4+ Kxe6 54. Nxc5+ Kf5 55. Kxa3 h5 56. Nd3 Ke4 57.
Nf2+ Kf3 58. Nh3 Kg3 59. Ng5 h4 60. Kb4 Kg4 61. Ne4 Kf4 62. Nf2 Kg3 63. Ne4+ Kf3 64. Ng5+ Kg4 65. Ne4 1/2-1/2

[Event "*** Titled Tuesday Blitz"]
[Site "Chess.com"]
[Date "2019.04.02"]
[Round "6"]
[White "Chessmatus"]
[Black "NM2019"]
[Result "0-1"]
[WhiteElo "2318"]
[BlackElo "2178"]
[TimeControl "180+2"]
[EndTime "15:22:20 PDT"]
[Termination "NM2019 won by resignation"]

1. d4 c5 2. d5 b5 3. a4 b4 4. Nd2 d6 5. Nc4 Nf6 6. f3 g6 7. e4 Bg7 8. Bd3 a5 9. Ne2 O-O 10. O-O e6 11. dxe6 Bxe6 12. c3 d5 13. exd5 Bxd5 14.
Be3 Nbd7 15. Qc2 Qc7 16. Rad1 Rfe8 17. Bf4 Rxe2 18. Qc1 Re5 19. Nxe5 Nxe5 20. Bb5 Bb3 21. Rde1 Nh5 22. cxb4 Nxf4 23. Qxf4 cxb4 24. Qe4 Qb6+ 25.
Kh1 Rf8 26. h3 Be6 27. f4 Nd7 28. Qc2 Nc5 29. Rc1 Nb7 30. Qe2 Nd6 31. Rc6 Qd4 32.
Rc2 Nxb5 33. Qxb5 Qe4 34. Re2 Qf5 35. Qxf5 Bxf5 36. Rd1 Rc8 37. Rd5 Ra8 38. Red2 Bf6 39. Rb5 Kg7 40. Kg1 h5 41. Kf2 h4 42. Kf3 Be6 43. Rc2 Bb3 44. Rcc5 Bd1+ 45. Ke4 Bxb2 46. Rxa5 Re8+ 47. Kd3 Bc3 48. Ra7 Bb3 49. a5 Be6 50. a6 Rd8+ 51. Kc2 Bf5+ 52. Kb3 Be6+ 53. Ka4 Bd4 54.
Kxb4 Bxc5+ 55. Kxc5 Rd5+ 56. Kc6 Rd2 57. Re7 Bd5+ 58. Kb6 Bxg2 59. a7 Rb2+ 60. Kc5 Rc2+ 61. Kd4 Ra2 62. Ke5 Bxh3 63. Kd6 Bg2 64. Kc7 h3 65. f5 gxf5 66. Kb8 h2 0-1

[Event "*** Titled Tuesday Blitz"]
[Site "Chess.com"]
[Date "2019.04.02"]
[Round "6"]
[White "dreamist"]
[Black "Zhuu96"]
[Result "1-0"]
[WhiteElo "2733"]
[BlackElo "2955"]
[TimeControl "180+2"]
[EndTime "15:22:25 PDT"]
[Termination "dreamist won by resignation"]

1. e4 c5 2. Nf3 d6 3. d4 cxd4 4.
Nxd4 Nf6 5. Nc3 a6 6. Bg5 Nbd7 7. Qe2 Qa5 8. f4 h6 9. Bh4 g5 10. fxg5 hxg5 11. Nb3 Qe5 12. Bg3 Qe6 13. O-O-O Ne5 14. Nd4 Qg4 15. Qe3 Qd7 16. Kb1 Neg4 17. Qe1 Qc7 18.
Nf3 Bg7 19. e5 dxe5 20. Nxe5 Nxe5 21. Bxe5 Qc6 22. Qg3 Bf5 23. Qxg5 Bg6 24. Bd3 Rh5 25.
Qg3 Bxd3 26. Rxd3 Kf8 27. Nd5 Rc8 28. Rc3 Qe6 29. Rxc8+ Qxc8 30. Nxf6 exf6 31. Bc3 Rg5 32. Qd6+ Kg8 33. g3 Qh3 34. Qb8+ Kh7 35. Qxb7 Rf5 36. a3 Rf1+ 37. Rxf1 Qxf1+ 38. Ka2 Qc4+ 39. Qb3 Qc7 40. Qd5 Qe7 41. Qd3+ Kg8 42. Qxa6 Qe4 43. Qb5 Qxc2 44. a4 Qxh2 45. a5 Qxg3 46. a6 Qe3 47. Qb8+ Kh7 48. a7 Qe6+ 49. Qb3 Qa6+ 50. Qa3 Qc4+ 51. b3 Qxc3 52. a8=Q f5 53. Qh1+ Kg6 54. Qg1+ Kh7 55. Qgc1 Qd3 56. b4 Qe2+ 57. Kb1 Qe4+ 58. Qc2 Qe1+ 59. Qac1 Qxb4+ 60. Ka2 Qa5+ 61. Qa3 Qd5+ 62.
Qab3 Qa5+ 63. Qa4 Qd5+ 64. Qac4 Qa5+ 65. Kb3 Qb6+ 66. Qb4 Qe3+ 67. Ka4 Qa7+ 68. Qa5 Qd7+ 69. Qb5 Qa7+ 70. Kb3 Qe3+ 71. Kb4 Bf8+ 72. Kc4 Qf4+ 73. Kb3 Qe3+ 74. Qcd3 Qe6+ 75. Qbd5 Qb6+ 76. Kc2 Qf2+ 77. Qd2 Qf1 78. Qh2+ Kg8 79. Qhg2+ 1-0

[Event "*** Titled Tuesday Blitz"]
[Site "Chess.com"]
[Date "2019.04.02"]
[Round "6"]
[White "saraswathii"]
[Black "WanderingPuppet"]
[Result "1-0"]
[WhiteElo "2237"]
[BlackElo "2381"]
[TimeControl "180+2"]
[EndTime "15:22:31 PDT"]
[Termination "saraswathii won by checkmate"]

1. d4 Nf6 2. Bf4 g6 3. e3 Bg7 4. Nf3 O-O 5. Be2 d6 6. h3 b6 7. O-O Bb7 8. c4 Nbd7 9. Nc3 a6 10. a4 a5 11. Qc2 Re8 12. Rad1 Qb8 13. Rfe1 e5 14.
dxe5 dxe5 15. Bg5 h6 16. Bh4 Nf8 17. Bxf6 Bxf6 18. e4 c6 19. Qd2 Kg7 20. Nh2 Bg5 21. Qc2 Ne6 22. Qb3 Ba6 23. Nf3 Be7 24. Rd2 Qc7 25.
Red1 Rad8 26. Qc2 Rxd2 27. Rxd2 Rd8 28. Rxd8 Bxd8 29. Qd2 Be7 30. Kf1 Bb4 31. Qe3 Bc5 32.
Qd2 Bb4 33. Qe3 Nc5 34. Nh2 h5 35. g4 h4 36. Nf3 Qe7 37. g5 Bc8 38. Nxh4 Bxh3+ 39. Qxh3 Qxg5 40. Bf3 Qc1+ 41. Nd1 Qxc4+ 42. Kg2 Nxe4 43.
Qg4 Nd6 44. Nf5+ Kf6 45. Nxd6 Qxg4+ 46. Bxg4 Bxd6 47. Ne3 e4 48. Nc4 Bc5 49. Bd7 Bd4 50.
Bxc6 Kf5 51. Kg3 g5 52. b3 Bc5 53. Bd5 Bd4 54. Bxf7 Kf6 55. Bd5 Bc5 56. Bxe4 Ke7 57.
Kg4 Bxf2 58. Kxg5 Ke6 59. Kf4 Bc5 60. Bf3 Ke7 61. Ke5 Kd7 62. Kd5 Kc7 63. Bg4 Bg1 64. Ne5 Bf2 65. Nf7 Bg1 66. Nd6 Bf2 67. Nb5+ Kb7 68.
Bf3 Bg1 69. Kd6+ Ka6 70. Kc7 Bh2+ 71. Kc8 Bg3 72. Bb7# 1-0

[Event "*** Titled Tuesday Blitz"]
[Site "Chess.com"]
[Date "2019.04.02"]
[Round "6"]
[White "Vusatiuk_Vladimir"]
[Black "jcgs1030"]
[Result "0-1"]
[WhiteElo "2174"]
[BlackElo "2336"]
[TimeControl "180+2"]
[EndTime "15:22:36 PDT"]
[Termination "jcgs1030 won by checkmate"]

1. e4 c5 2. Nf3 d6 3. d4 cxd4 4.
Qxd4 Nf6 5. Bb5+ Bd7 6. c4 Nc6 7. Bxc6 Bxc6 8. Nc3 g6 9. O-O Bg7 10. Qd3 O-O 11. Nd4 Qa5 12. Bd2 Qh5 13. h3 Nd7 14.
Nd5 Bxd5 15. cxd5 Rfc8 16. f4 Nb6 17. Rac1 Rxc1 18. Rxc1 Rc8 19. Rxc8+ Nxc8 20. g4 Qh4 21. Kg2 h5 22. g5 Bxd4 23. Qxd4 f6 24. Qe3 fxg5 25.
fxg5 Nb6 26. b3 e5 27. dxe6 d5 28. Qf3 Qxe4 29. Qxe4 dxe4 30. Bb4 Nd5 31. Bd6 a6 32. Kf2 b5 33. Ke2 Kg7 34. a3 Kg8 35. Kd2 Kg7 36. a4 Kg8 37. axb5 axb5 38. Ke1 Ne3 39. Ke2 Nf5 40. Bc5 Ng7 41. e7 Kf7 42. Ke3 Ne6 43. Bd6 Nxg5 44. h4 Nf3 45. Kxe4 Nxh4 46. Kd5 Nf5 47. Bf4 Kxe7 48. Bg5+ Kd7 49. Kc5 Nd6 50. Bf4 Ne4+ 51. Kxb5 g5 52. Be3 h4 53. Kc4 h3 54.
Bg1 Nd2+ 55. Kd3 Nf3 56. Ke3 Nxg1 57. Kf2 h2 58. Kg2 Nf3 59. b4 Kc6 60. Kh1 Kb5 61. Kg2 Kxb4 62. Kh1 Kc3 63. Kg2 Kd3 64. Kh1 Ke2 65. Kg2 g4 66. Kh1 Nd4 67. Kg2 Nf5 68. Kh1 Kf1 69. Kxh2 g3+ 70. Kh3 g2 71. Kh2 g1=Q+ 72.
Kh3 Qg3# 0-1